 Dungeon Crawl Stone Soup version 0.22.1-2-g9c5b331 (webtiles) character file.

6017 MalarOregon the Spear-Bearer (level 10, -3/79 HPs)
             Began as a Merfolk Gladiator on Nov 24, 2018.
             Was a High Priest of Okawaru.
             Slain by a death yak (22 damage)
             ... on level 9 of the Dungeon.
             The game lasted 00:32:56 (12755 turns).

MalarOregon the Spear-Bearer (Merfolk Gladiator)   Turns: 12755, Time: 00:32:57

Health: -3/79      AC: 13    Str: 16    XL:     10   Next: 86%
Magic:  16/16      EV: 14    Int: 14    God:    Okawaru [*****.]
Gold:   478        SH: 11    Dex: 15    Spells: 13/17 levels left

rFire    . . .     SeeInvis .   a - +2 trident
rCold    + + +     Gourm    .   r - +1 shield {rC+}
rNeg     . . .     Faith    .   E - +4 ring mail "Hout" {+Blink rC+ Int+2}
rPois    .         Spirit   .   c - +0 helmet
rElec    .         Reflect  .   l - +0 cloak
rCorr    .         Harm     .   z - +0 pair of gloves
MR       +....                  F - +0 pair of boots
Stlth    +.........             (no amulet)
HPRegen  0.23/turn              o - ring of protection from cold
MPRegen  0.15/turn              t - ring of flight

@: no status effects
A: change form in water, swift swim, stealthy swim, magic resistance 1, strong 1
a: Heroism, Finesse, Renounce Religion, Evoke Blink, Evoke Flight


You were on level 9 of the Dungeon.
You worshipped Okawaru.
Okawaru was extremely pleased with you.
You were not hungry.

You visited 2 branches of the dungeon, and saw 11 of its levels.

You collected 634 gold pieces.
You spent 156 gold pieces at shops.

Inventory:

Hand Weapons
 a - a +2 trident (weapon)
 b - a +0 blowgun
   (You found it on level 9 of the Dungeon)
 y - the +5 long sword "Hellblazer" {slice, rElec rN+}
   (You found it on level 4 of the Dungeon)

   It inflicts extra damage upon your enemies.
   It insulates you from electricity.
   It protects you from negative energy.
Missiles
 d - 2 throwing nets {!f}
 f - 93 poisoned needles
 h - 380 stones
 n - 4 needles of sleeping
 s - 2 tomahawks (quivered)
 A - a curare-tipped needle {!f}
Armour
 c - a +0 helmet (worn)
 l - a +0 cloak (worn)
   (You found it on level 7 of the Dungeon)
 m - a scarf of cloud immunity
   (You acquired it on level 5 of the Dungeon)
 r - a +1 shield of cold resistance (worn)
   (You found it on level 3 of the Dungeon)
 z - a +0 pair of gloves (worn)
   (You found it on level 4 of the Dungeon)
 E - the +4 ring mail "Hout" (worn) {+Blink rC+ Int+2}
   (You found it on level 8 of the Dungeon)

   It affects your intelligence (+2).
   It protects you from cold.
   It lets you blink.
 F - a +0 pair of boots (worn)
   (You found it on level 5 of the Dungeon)
Jewellery
 o - a ring of protection from cold (left hand)
   (You found it on level 3 of the Dungeon)
 t - a ring of flight (right hand)
   (You found it on level 4 of the Dungeon)
Wands
 v - a wand of digging (16)
   (You found it on level 5 of the Dungeon)
 B - a wand of enslavement (9)
   (You found it on level 5 of the Dungeon)
Scrolls
 g - 6 scrolls of identify {@r1}
 j - 2 scrolls of fear
 k - 3 scrolls of teleportation {@r4}
 p - a scroll of vulnerability {!r}
 u - 2 scrolls of magic mapping
 D - a scroll of remove curse {@r2}
 H - a scroll of blinking
Potions
 i - 2 potions of flight
 q - 2 potions of lignification {!q}
 w - a potion of cancellation
 x - a potion of heal wounds {@q2}
 C - a potion of agility
Comestibles
 e - 20 rations {!d}
 G - 12 chunks of flesh


   Skills:
 * Level 7.0 Fighting
 * Level 9.8 Polearms
 + Level 6.2 Throwing
 + Level 1.1 Armour
 + Level 8.4 Dodging
 * Level 5.9 Shields
 + Level 4.2 Spellcasting
 + Level 4.5 Summonings
 + Level 5.0 Ice Magic
 + Level 1.7 Evocations


You had 13 spell levels left.
You knew the following spells:

 Your Spells              Type           Power        Failure   Level  Hunger
d - Summon Ice Beast      Ice/Summ       ###.....     85%         4    ####...

Your spell library contained the following spells:

 Spells                   Type           Power        Failure   Level  Hunger
 Summon Small Mammal      Summ           ###.         19%         1    None
 Call Imp                 Summ           ###.....     26%         2    ##.....
 Call Canine Familiar     Summ           ###.....     47%         3    ###....
 Summon Guardian Golem    Hex/Summ       #.......     80%         3    ###....
 Summon Lightning Spire   Summ/Air       #.......     99%         4    ####...


Dungeon Overview and Level Annotations

Branches:
Dungeon (10/15)            Temple (1/1) D:5            Lair (0/6) D:10
    Orc (0/2) D:10

Altars:
Ashenzari
Cheibriados
Dithmenos
Elyvilon
Fedhas
Gozag
Hepliaklqana
Kikubaaqudgha
Makhleb
Nemelex Xobeh
Okawaru
Qazlal
Ru
Sif Muna
Trog
Uskayaw
Vehumet
Wu Jian
Xom
Yredelemnul
Zin
The Shining One

Shops:
D:4 !**


Innate Abilities, Weirdness & Mutations

You revert to your normal form in water.
You are very nimble and swift while swimming.
You are very stealthy in the water. (Stealth+)
You are resistant to hostile enchantments. (MR+)
Your muscles are strong. (Str +2)


Message History

There is an open door here.
There is a stone staircase leading up here.
The death yak barely misses you.
You climb upwards.
There is a stone staircase leading down here.
You puncture the death yak! The death yak gores you!!
You hit the death yak. The death yak gores you.
You hit the death yak. The death yak barely misses you.
You hit the death yak but do no damage. You block the death yak's attack.
You hit the death yak but do no damage. You puncture the death yak!
The death yak gores you!!
You puncture the death yak! The death yak gores you!
* * * LOW HITPOINT WARNING * * *
Okay, then.
Okay, then.
Here: a death yak (heavily wounded)
The floor, spattered with blood.
Unknown command.
Unknown command.
Wield which item (- for none, * to show all)? (? for menu, Esc to quit)
b - a +0 blowgun (weapon)
The death yak gores you!
* * * LOW HITPOINT WARNING * * *
The death yak snorts and paws the ground.
Firing (i - inventory. (/) - cycle)
n - 7 needles of sleeping (quivered)
Aim: a death yak (heavily wounded)
You shoot a needle of sleeping.
The needle of sleeping barely misses the death yak.
Firing (i - inventory. (/) - cycle)
n - 6 needles of sleeping (quivered)
Aim: a death yak (heavily wounded)
You shoot a needle of sleeping.
The needle of sleeping hits the death yak.
The death yak resists.
You block the death yak's attack.
Firing (i - inventory. (/) - cycle)
n - 5 needles of sleeping (quivered)
Aim: a death yak (heavily wounded)
You shoot a needle of sleeping.
The needle of sleeping hits the death yak!
The death yak resists.
The death yak gores you but does no damage.
Firing (i - inventory. (/) - cycle)
A - 2 curare-tipped needles (quivered)
{!f}
Aim: a death yak (heavily wounded) Really fire
A - 2 curare-tipped needles {!f}?
You shoot a curare-tipped needle {!f}.
The curare-tipped needle {!f} hits the death yak.
The death yak is poisoned.
The death yak convulses.
The death yak seems to slow down.
Wield which item (- for none, * to show all)? (? for menu, Esc to quit)
a - a +2 trident (weapon)
The death yak gores you!!
You die...

######### #.......#
#.#####.# #.###.#.#
#.....#.#
#######.#.#####
#.............#
#.#####.#.###.#
#...@Y(....##.#######
#..####.##..#.##.....
#..#..#.#...#.##.####
#..#..#.#...#.##.#...
#>.._............+...
#..#..####..#.##.#...
#..#...<....#.##.#...
##....................
#....##......#.##.####


You could see a death yak.

Vanquished Creatures
  A two-headed ogre (D:9)
  Pikel (D:9)
  Grinder (D:6)
  A hippogriff (D:8)
  A spriggan (D:7)
  A wraith (D:8)
  3 ice beasts
  6 orc warriors
  4 sky beasts
  A phantom (D:7)
  4 slaves (D:9)
  6 ogres
  5 centaurs
  Blork the orc (D:6)
  3 bullfrogs
  4 scorpions
  4 wights (D:8)
  A howler monkey (D:7)
  3 crimson imps
  A jelly (D:6)
  7 orc priests
  2 bullfrog skeletons
  A centaur skeleton (D:8)
  4 hounds
  5 iguanas
  5 orc wizards
  Terence (D:2)
  4 worker ants
  Natasha (thrice) (D:4)
  2 hound zombies
  6 gnolls
  13 adders
  2 shadow imps
  An adder skeleton (D:8)
  5 worms
  A dart slug (D:3)
  4 leopard geckos
  26 orcs
  4 giant cockroaches
  6 hobgoblins
  16 jackals
  4 quokkas
  A ball python (D:2)
  4 bats
  5 frilled lizards
  4 goblins
  6 kobolds
  A leopard gecko skeleton (D:4)
  4 rats
199 creatures vanquished.

Vanquished Creatures (others)
  A quokka (D:8)
1 creature vanquished.

Grand Total: 200 creatures vanquished

Notes
Turn   | Place    | Note
-------+----------+-------------------------------------------
     0 | D:1      | MalarOregon the Merfolk Gladiator began the quest for the
                  | Orb.
     0 | D:1      | Reached XP level 1. HP: 16/16 MP: 1/1
   327 | D:1      | You fall through a shaft!
   411 | D:1      | Reached XP level 2. HP: 23/23 MP: 2/2
   939 | D:2      | Reached XP level 3. HP: 27/28 MP: 3/3
  1042 | D:2      | Reached skill level 1 in Shields
  1218 | D:2      | Noticed Terence
  1943 | D:2      | Killed Terence
  1943 | D:2      | Reached skill level 5 in Polearms
  1943 | D:2      | Reached XP level 4. HP: 18/35 MP: 4/4
  2409 | D:3      | Found a bloodstained altar of Trog.
  2606 | D:3      | Noticed a bullfrog
  2626 | D:3      | Killed a bullfrog
  2626 | D:3      | Reached skill level 5 in Dodging
  2626 | D:3      | Reached XP level 5. HP: 27/41 MP: 5/5
  3300 | D:4      | Reached XP level 6. HP: 47/47 MP: 6/6
  3333 | D:4      | Noticed Natasha
  3350 | D:4      | Killed Natasha
  3496 | D:4      | Noticed an ice beast
  3518 | D:4      | Killed an ice beast
  3518 | D:4      | Reached skill level 6 in Polearms
  3640 | D:4      | Found Cofarat's General Store.
  3670 | D:4      | Bought a scroll of teleportation for 36 gold pieces
  3670 | D:4      | Bought a potion of haste for 120 gold pieces
  3740 | D:4      | Found Gero's Assorted Antiques.
  4097 | D:4      | Noticed Natasha
  4108 | D:4      | Killed Natasha
  4108 | D:4      | Reached XP level 7. HP: 19/54 MP: 7/7
  4269 | D:4      | Noticed Natasha
  4281 | D:4      | Killed Natasha
  4294 | D:4      | Got an encrusted long sword
  4529 | D:4      | Found Terr's Distillery.
  4640 | D:5      | Entered Level 5 of the Dungeon
  4661 | D:5      | Learned a level 4 spell: Summon Ice Beast
  4676 | D:5      | Found a snail-covered altar of Cheibriados.
  5100 | D:5      | Found a staircase to the Ecumenical Temple.
  5218 | Temple   | Entered the Ecumenical Temple
  5416 | Temple   | Became a worshipper of Warmaster Okawaru
  5487 | D:5      | Reached skill level 1 in Spellcasting
  5487 | D:5      | Reached skill level 1 in Summonings
  5487 | D:5      | Reached skill level 1 in Ice Magic
  5999 | D:6      | Found a sparkling altar of Nemelex Xobeh.
  6424 | D:6      | Found an opulent altar of Gozag.
  6424 | D:6      | Found a sacrificial altar of Ru.
  6425 | D:6      | Found a glowing golden altar of the Shining One.
  6438 | D:6      | Found a deep blue altar of Sif Muna.
  6441 | D:6      | You fall through a shaft for 2 floors!
  6498 | D:8      | Gained mutation: Your muscles are strong. (Str +2) [potion
                  | of mutation]
  6498 | D:8      | Gained mutation: You are resistant to hostile enchantments.
                  | (MR+) [potion of mutation]
  6505 | D:8      | Reached XP level 8. HP: 20/61 MP: 9/9
  6553 | D:8      | Got a dazzling ring mail
  6573 | D:8      | Noticed a wraith
  6580 | D:8      | Killed a wraith
  6580 | D:8      | Reached * piety under Okawaru
  6685 | D:8      | Reached skill level 7 in Polearms
  6996 | D:8      | Found a white marble altar of Elyvilon.
  7061 | D:8      | Noticed a hippogriff
  7083 | D:8      | Killed a hippogriff
  7083 | D:8      | Reached skill level 5 in Fighting
  7239 | D:7      | Reached ** piety under Okawaru
  7408 | D:7      | Found a shattered altar of Ashenzari.
  7506 | D:7      | Reached XP level 9. HP: 54/68 MP: 12/12
  7625 | D:7      | Identified the +4 ring mail "Hout" {+Blink rC+ Int+2} (You
                  | found it on level 8 of the Dungeon)
  7668 | D:7      | Found a sparkling altar of Nemelex Xobeh.
  7960 | D:6      | Found an ornate altar of the Wu Jian Council.
  8062 | D:6      | Reached skill level 8 in Polearms
  8062 | D:6      | Reached skill level 5 in Throwing
  8097 | D:6      | Noticed Blork the orc
  8107 | D:6      | Killed Blork the orc
  8166 | D:6      | Reached *** piety under Okawaru
  8197 | D:6      | Noticed Grinder
  8218 | D:6      | Killed Grinder
  8369 | D:6      | Identified the +5 long sword "Hellblazer" {slice, rElec
                  | rN+} (You found it on level 4 of the Dungeon)
  9045 | D:5      | Identified a scroll of acquirement
  9380 | D:7      | Found a glowing silver altar of Zin.
  9518 | D:7      | Reached skill level 5 in Shields
  9518 | D:7      | Reached XP level 10. HP: 48/76 MP: 15/15
 10018 | D:7      | Reached **** piety under Okawaru
 10290 | D:7      | Reached skill level 9 in Polearms
 11549 | D:9      | Noticed Pikel
 11569 | D:9      | Killed Pikel
 11569 | D:9      | Reached skill level 1 in Evocations
 11995 | D:9      | Noticed a two-headed ogre
 12013 | D:9      | Killed a two-headed ogre
 12013 | D:9      | Reached ***** piety under Okawaru
 12013 | D:9      | Reached skill level 1 in Armour
 12301 | D:9      | Reached skill level 5 in Ice Magic
 12486 | D:9      | Found a burning altar of Makhleb.
 12531 | D:10     | Entered Level 10 of the Dungeon
 12549 | D:10     | Found a staircase to the Orcish Mines.
 12709 | D:10     | Found a staircase to the Lair.
 12709 | D:10     | Noticed a death yak
 12709 | D:10     | Noticed a death yak
 12712 | D:10     | Noticed a death yak
 12755 | D:9      | Slain by a death yak

Skill      XL: |  1  2  3  4  5  6  7  8  9 10 |
---------------+-------------------------------+-----
Shields        | 1 2 3 4 5 |  5.9
Fighting       | 3 4 5 6 7 |  7.0
Polearms       | 5 6 7 8 9 |  9.8
Throwing       | 3 4 5 6 |  6.2
Dodging        | 5 6 7 8 |  8.4
Spellcasting   | 1 2 3 4 |  4.2
Summonings     | 1 2 3 4 |  4.5
Ice Magic      | 1 2 4 5 |  5.0
Evocations     | 1 |  1.7
Armour         | 1 |  1.1

Action                   |  1- 3 |  4- 6 |  7- 9 | 10-12 || total
-------------------------+-------+-------+-------+-------++-------
Melee: Trident           |   113 |   191 |   661 |   309 ||  1274
       Tailslap          |     4 |       |       |       ||     4
       Spear             |       |       |       |    75 ||    75
 Fire: Blowgun           |       |       |       |     4 ||     4
Throw: Stone             |    40 |    56 |    28 |       ||   124
       Throwing net      |     3 |       |     2 |     1 ||     6
       Tomahawk          |       |       |     4 |    11 ||    15
  Use: Scroll            |     4 |     4 |     8 |     1 ||    17
       Potion            |       |       |    13 |       ||    13
 Stab: Sleeping          |     2 |       |       |       ||     2
       Held in net/web   |     1 |       |       |     1 ||     2
  Eat: Chunk             |     2 |     7 |    13 |    10 ||    32
       Ration            |       |       |     2 |       ||     2
Armor: Leather armour    |    30 |       |       |       ||    30
       Scale mail        |       |    55 |   127 |       ||   182
       Skin              |       |       |     9 |       ||     9
       Ring mail         |       |       |    90 |    69 ||   159
Dodge: Dodged            |    39 |    55 |   248 |    89 ||   431
Block: Shield            |    37 |    63 |   310 |   139 ||   549
